 Dungeon Crawl Stone Soup version 0.17.1-1-g73c8601 (webtiles) character file.

27 Nakatomy the Grave Robber (level 2, 0/16 HPs)
             Began as a Deep Elf Necromancer on Dec 30, 2015.
             Slain by an adder (5 damage)
             ... on level 2 of the Dungeon.
             The game lasted 00:08:26 (1802 turns).

Nakatomy the Grave Robber (Deep Elf Necromancer)    Turns: 1802, Time: 00:08:26

Health: 0/16       AC:  2    Str:  5    XL:     2   Next: 93%
Magic:  5/8        EV: 13    Int: 19    God:
Gold:   34         SH:  0    Dex: 15    Spells: 2 memorised, 6 levels left

rFire  . . .     SeeInvis .     l - +0 dagger
rCold  . . .     Clarity  .     a - +0 robe
rNeg   . . .     SustAt   .     (no shield)
rPois  .         Gourm    .     h - +0 hat
rElec  .         Spirit   .     (no cloak)
rCorr  .         Warding  .     (no gloves)
rMut   .         Stasis   .     (no boots)
MR     .....                    (no amulet)
Stlth  ++........               (no ring)
                                (no ring)

@: not resistant to hostile enchantments, unstealthy
A: no striking features
a: no special abilities


You were on level 2 of the Dungeon.
You were hungry.

You visited 1 branch of the dungeon, and saw 3 of its levels.

You collected 34 gold pieces.

Inventory:

Hand Weapons
 l - a +0 dagger (weapon)
Missiles
 e - 8 sling bullets of frost
 j - 28 stones (quivered)
Armour
 a - a +0 robe (worn)
 h - a +0 hat (worn)
Wands
 k - a wand of slowing (34)
Scrolls
 f - a scroll of teleportation {unknown}
 i - 2 scrolls of identify
Potions
 g - a potion of cure mutation
Books
 b - a book of Necromancy

   Spells                             Type                      Level
   a - Pain                           Necromancy                   1
   b - Animate Skeleton               Necromancy                   1
   c - Vampiric Draining              Necromancy                   3
   d - Regeneration                   Charms/Necromancy            3
   e - Animate Dead                   Necromancy                   4
   f - Control Undead                 Necromancy                   4
Comestibles
 c - 2 bread rations


   Skills:
 + Level 1.0 Fighting
 - Level 2.4 Dodging
 - Level 2.4 Stealth
 - Level 3.7 Spellcasting
 - Level 5.2 Necromancy


You had 6 spell levels left.
You knew the following spells:

 Your Spells              Type           Power        Failure   Level  Hunger
a - Pain                  Necr           ###.         1%          1    None
b - Animate Skeleton      Necr           N/A          1%          1    None


Dungeon Overview and Level Annotations

Branches:
Dungeon (3/15)

Altars:
Trog


Message History

Aim: an orc priest, wielding a hand axe (hasn't noticed you, chance to defeat MR: 83%)
The orc priest shouts!
The orc priest convulses in agony!
The orc priest moves out of view.
Casting: Pain
Confirm with . or Enter, or press ? or * to list all spells.
Aiming: Pain
Press: ? - help, Shift-Dir - straight line, f/p - orc priest
Aim: an orc priest, wielding a hand axe (lightly wounded, chance to defeat MR: 83%)
The orc priest barely resists.
Casting: Pain
Confirm with . or Enter, or press ? or * to list all spells.
Aiming: Pain
Press: ? - help, Shift-Dir - straight line, f/p - orc priest
Aim: an orc priest, wielding a hand axe (lightly wounded, chance to defeat MR: 83%)
The orc priest convulses in agony!
The orc priest hits you with a hand axe.
An orc priest comes into view. It is wielding a hand axe.
There is a stone staircase leading up here.
You climb upwards.
The adder bites you. The adder bites you.
You die...

.## #.#....#
...##....#.##
...<.....#..###
#.............##
...............##
......#.........##
......#..........#
......#.#........#
......._.......#@###
.....##.#........S.#
#######.#.......##.#
#..........>.#
####.....###S#
##...## .# #### ..
.. #.


You could see an adder.

Vanquished Creatures
  A giant gecko (D:2)
  An orc (D:3)
  A hobgoblin (D:1)
  3 jackals (D:1)
  A ball python (D:1)
  3 bats
  2 giant cockroaches
  A giant newt (D:2)
  4 goblins (D:1)
  4 kobolds (D:1)
  2 rats
23 creatures vanquished.

Vanquished Creatures (collateral kills)
  A goblin (D:1)
  A hobgoblin (D:1)
  A rat (D:1)
3 creatures vanquished.

Grand Total: 26 creatures vanquished

Notes
Turn   | Place    | Note
--------------------------------------------------------------
     0 | D:1      | Nakatomy the Deep Elf Necromancer began the quest for the Orb.
     0 | D:1      | Reached XP level 1. HP: 10/10 MP: 6/6
   213 | D:1      | Learned a level 1 spell: Animate Skeleton
   316 | D:1      | Reached skill level 5 in Necromancy
   607 | D:1      | Reached XP level 2. HP: 15/15 MP: 6/8
  1674 | D:2      | Found a bloodstained altar of Trog.
  1708 | D:3      | Reached skill level 1 in Fighting
  1802 | D:2      | Slain by an adder

Action                   || total
-------------------------++-------
Melee: Dagger            ||     3
Throw: Stone             ||    17
 Cast: Pain              ||    40
       Animate Skeleton  ||    10
  Use: Scroll            ||     3
  Eat: Chunk             ||     2
